 Dungeon Crawl Stone Soup version 0.31.0-11-ge490571c62 (webtiles) character file.

Game seed: 9853455382042267175

9 ezpacito the Trooper (level 2, 24/24 HPs)
             Began as a Demonspawn Berserker on Jan 31, 2024.
             Was a Follower of Trog.
             Quit the game on level 1 of the Dungeon.
             The game lasted 00:00:34 (520 turns).

ezpacito the Trooper (Demonspawn Berserker)          Turns: 520, Time: 00:00:35

Health: 24/24      AC:  5    Str: 17    XL:     2   Next: 6%
Magic:  2/2        EV: 11    Int:  7    God:    Trog [*.....]
Gold:   44         SH:  0    Dex: 12    Spells: 1/1 levels left

rFire   . . .        a - +0 hand axe
rCold   . . .        (no shield)
rNeg    . . .        d - +0 ring mail
rPois   .            (no helmet)
rElec   .            (no cloak)
rCorr   .            (no gloves)
SInv    .            (no boots)
Will    .....        (no amulet)
Stlth   +            (no ring)
HPRegen 0.24/turn    (no ring)
MPRegen 0.08/turn

%: no passive effects
@: no status effects
A: sanguine armour 1
a: Renounce Religion, Berserk


You were on level 1 of the Dungeon.
You worshipped Trog.
Trog was aware of your devotion.
You visited 1 branch of the dungeon, and saw 1 of its levels.

You collected 44 gold pieces.

Inventory:

Hand Weapons
 a - a +0 hand axe (weapon)
Missiles
 c - 15 stones (quivered)
Armour
 d - a +0 ring mail (worn)
Jewellery
 e - a ring of fire
Scrolls
 b - a scroll of butterflies {unknown}
 f - a scroll of enchant armour {unknown}
Potions
 g - a potion of cancellation {unknown}
 h - a potion of magic {unknown}


   Skills:
 * Level 3.1 Fighting
 * Level 2.8 Axes
 * Level 2.0 Armour
 * Level 1.9 Dodging
 * Level 0.3 Stealth
 * Level 0.1 Unarmed Combat


You had one spell level left.
You didn't know any spells.
Your spell library was empty.

Dungeon Overview and Level Annotations

Branches:
Dungeon (1/15)

Altars:

Shops:
D:1 :


Innate Abilities, Weirdness & Mutations

When seriously injured, your blood forms armour. (AC +0)


Message History

There is an open door here.
A hobgoblin comes into view.
The hobgoblin shouts!
You closely miss the hobgoblin. The hobgoblin hits you.
You hit the hobgoblin but do no damage. The hobgoblin barely misses you.
The hobgoblin closely misses you.
You closely miss the hobgoblin. The hobgoblin barely misses you.
You hit the hobgoblin.
You kill the hobgoblin!
Trog accepts your kill.
Your Armour skill increases to level 2!
You have reached level 2!
Your demonic ancestry asserts itself...
You feel your blood ready itself to protect you.
A bat comes into view.
A bat is nearby!
The bat hits you but does no damage.
You miss the bat. The bat misses you.
You closely miss the bat. The bat closely misses you.
You hit the bat but do no damage. The bat closely misses you.
The bat closely misses you.
You miss the bat. The bat barely misses you.
The bat hits you but does no damage. The bat barely misses you.
The bat hits you but does no damage.
You slash the bat!
You kill the bat!
Trog accepts your kill.
No target in view!
h - an emerald potion A quokka comes into view.
No target in view!
No target in view!
No target in view!
No target in view!
No target in view!
No target in view!
No target in view!
No target in view!
No target in view!
Are you sure you want to abandon this character and quit the game? (Confirm with "yes".)

..#.## .. .# ###.## . . #.##
.##. #.# ... #.# #.. #.##
#.# #... #.# #### #####@# #
#.....# # #.##### # #.# #
#.# #.#
#######.####################
#...........................
#.........##################


There were no monsters in sight!

Vanquished Creatures
  A bat (D:1)
  An endoplasm (D:1)
  2 hobgoblins (D:1)
  A quokka (D:1)
  A ball python (D:1)
  3 rats (D:1)
9 creatures vanquished.

Notes
Turn   | Place    | Note
-------+----------+-------------------------------------------
     0 | D:1      | ezpacito the Demonspawn Berserker began the quest for the
                  | Orb.
     0 | D:1      | Reached XP level 1. HP: 18/18 MP: 1/1
   151 | D:1      | Found Satibyot's Book Shoppe.
   445 | D:1      | Gained mutation: When seriously injured, your blood forms
                  | armour. (AC +0) [demonic ancestry]
   445 | D:1      | Reached XP level 2. HP: 21/24 MP: 2/2
   520 | D:1      | Quit the game

Illustrated notes

Levels and vault maps discovered:
D:1:      grunt_arrival_lava_bath, layout_basic, serial_shops, shop, shop,
          moated_statue

Skill      XL: |  1 |
---------------+----+-----
Armour         | 2 |  2.0
Fighting       | |  3.1
Axes           | |  2.8
Dodging        | |  1.9
Stealth        | |  0.3
Unarmed Combat | |  0.1

Action                     || total
---------------------------++-------
  Melee: Hand axe          ||    25
 Armour: Ring mail         ||     9
         Animal skin       ||     2
  Dodge: Dodged            ||    15
